 Dungeon Crawl Stone Soup version 0.26.1 (webtiles) character file.

Game seed: 1848693391381235406

116 Gadfly the Cudgeller (level 5, -3/50 HPs)
             Began as an Ogre Gladiator on Feb 7, 2021.
             Slain by a gnoll
             ... wielding a +0 spear
              (10 damage)
             ... on level 3 of the Dungeon.
             The game lasted 00:03:16 (2537 turns).

Gadfly the Cudgeller (Ogre Gladiator)               Turns: 2537, Time: 00:03:16

Health: -3/50      AC:  3    Str: 19    XL:     5   Next: 1%
Magic:  6/6        EV: 14    Int:  9    God:
Gold:   153        SH:  0    Dex: 10    Spells: 4/4 levels left

rFire    . . .     SeeInvis .   a - +0 flail
rCold    . . .     Faith    .   (no shield)
rNeg     . . .     Spirit   .   b - +0 robe
rPois    .         Reflect  .   c - +0 hat
rElec    .         Harm     .   (no cloak)
rCorr    .         Rampage  .   (gloves unavailable)
Will     .....                  (boots unavailable)
Stlth    ..........             (no amulet)
HPRegen  0.16/turn              j - +4 ring of evasion
MPRegen  0.10/turn              f - ring of attention (curse)

@: slowed, very slow
A: large, unfitting armour, tough skin 1
a: no special abilities


You were on level 3 of the Dungeon.
You visited 1 branch of the dungeon, and saw 3 of its levels.

You collected 153 gold pieces.

Inventory:

Hand Weapons
 a - a +0 flail (weapon)
Missiles
 d - 3 throwing nets
 h - 66 stones (quivered)
Armour
 b - a +0 robe (worn)
 c - a +0 hat (worn)
Jewellery
 f - a cursed ring of attention (right hand)
 j - a +4 ring of evasion (left hand)
 k - an uncursed ring of ice
Scrolls
 e - 2 scrolls of teleportation
 l - a scroll of remove curse
Potions
 g - 2 potions of curing
 i - a potion of ambrosia


   Skills:
 - Level 2.6 Fighting
 + Level 3.1 Maces & Flails
 + Level 2.5 Throwing
 * Level 1.5 Armour
 - Level 2.6 Dodging
 * Level 2.1 Invocations
 * Level 1.5 Evocations


You had 4 spell levels left.
You didn't know any spells.
Your spell library was empty.

Dungeon Overview and Level Annotations

Branches:
Dungeon (3/15)

Altars:


Innate Abilities, Weirdness & Mutations

You are too large for most types of armour.
You have tough skin. (AC +1)


Message History

The orc wizard points at you and mumbles some strange words.
You feel as though you will be slow longer.
The gnoll moves out of view.
You have reached level 5!
The orc barely misses you. The orc wizard closely misses you.
You see here 7 gold pieces.
The orc closely misses you.
The gnoll hits you from afar with a +0 spear.
The gnoll closely misses you.
The orc wizard points at you and mumbles some strange words.
The magic dart hits you!
* * * LOW HITPOINT WARNING * * *
The gnoll shouts!
The orc wizard casts a spell at itself.
The orc wizard flickers and vanishes!
Deactivating autopickup; reactivate with Ctrl-A.
The gnoll hits you with a +0 spear.
* * * LOW HITPOINT WARNING * * *
The gnoll hits you from afar with a +0 spear!
You die...

#.# . .. #.# .##.# #.#
#.##.##
#####.###......###
#.....<.>.#.....$#
#.#..........#
#...#####....#
#)#...#.{....#
###.###@#ooo)g.# #...#
#...#.#..# #.#.#
##.g........ #
##.#########.#..###.
#...##...##.).###.#..#
<.⌠...)).'..⌠.<#..# .#
#...##...##...##... .#
### ##+####### ##. #


You could see a gnoll.

Vanquished Creatures
  Jessica (D:3)
  Terence (D:2)
  2 adders (D:2)
  An ooze (D:2)
  2 dart slugs
  A leopard gecko (D:2)
  An orc (D:3)
  7 bats
  A giant cockroach (D:1)
  6 goblins
  4 hobgoblins
  3 jackals (D:1)
  A quokka (D:2)
  2 frilled lizards (D:2)
  A kobold (D:2)
  3 rats
37 creatures vanquished.

Notes
Turn   | Place    | Note
-------+----------+-------------------------------------------
     0 | D:1      | Gadfly the Ogre Gladiator began the quest for the Orb.
     0 | D:1      | Reached XP level 1. HP: 22/22 MP: 1/1
   434 | D:1      | Reached XP level 2. HP: 29/29 MP: 2/2
  1033 | D:1      | Reached skill level 1 in Invocations
  1590 | D:2      | Reached XP level 3. HP: 33/36 MP: 3/3
  1631 | D:2      | Reached skill level 1 in Armour
  1631 | D:2      | Reached skill level 1 in Evocations
  2178 | D:2      | Reached skill level 3 in Maces & Flails
  2221 | D:2      | Noticed Terence
  2229 | D:2      | Killed Terence
  2230 | D:2      | Reached XP level 4. HP: 41/44 MP: 5/5
  2523 | D:3      | Noticed Jessica
  2533 | D:3      | Killed Jessica
  2534 | D:3      | Reached XP level 5. HP: 19/50 MP: 6/6
  2537 | D:3      | Slain by a gnoll

Illustrated notes

Levels and vault maps discovered:
D:1:      nicolae_arrival_somewhat_less_tricky_arrival, layout_basic
D:2:      layout_loops_corners, uniq_terence
D:3:      layout_loops_ring, grunt_ministairs_5, minmay_distorted, uniq_jessica,
          uniq_grinder, uniq_ijyb

Skill      XL: |  1  2  3  4 |
---------------+-------------+-----
Invocations    | 1 2 |  2.1
Armour         | 1 |  1.5
Evocations     | 1 |  1.5
Maces & Flails | 3 |  3.1
Fighting       | |  2.6
Throwing       | |  2.5
Dodging        | |  2.6

Action                   |  1- 3 |  4- 6 || total
-------------------------+-------+-------++-------
Melee: Flail             |   114 |    18 ||   132
Throw: Stone             |     9 |       ||     9
  Use: Scroll            |     5 |     3 ||     8
 Stab: Sleeping          |     1 |     1 ||     2
Armor: Robe              |    70 |     1 ||    71
Dodge: Dodged            |   108 |    17 ||   125
